[Event "Early-Titled-Tuesday-Blitz-June-18-2024"]
[Site "Chess.com"]
[Date "2024.06.18"]
[Round "9"]
[White "Sondremelaa"]
[Black "IMRosen"]
[Result "0-1"]
[WhiteElo "2610"]
[BlackElo "2770"]
[TimeControl "180+1"]
[EndTime "9:46:00 PDT"]
[Termination "IMRosen won by resignation"]

1. e4 c5 2. Nf3 Nc6 3. d4 cxd4 4. Nxd4 g6 5. c4 Nf6 6. Nc3 d6 7. Be2 Nxd4 8. Qxd4 Bg7 9. O-O O-O 10. Qd3 a6 11. Be3 Bd7 12. Rac1 b5 13. c5 dxc5 14. Bxc5 Re8 15.
Rfd1 Qb8 16. Bf3 b4 17. e5 Bf5 18. Qe2 bxc3 19. exf6 exf6 20. Qf1 cxb2 21. Rb1 Bxb1 22. Rxb1 f5 23. Bxa8 Qxa8 24. Be3 Qe4 25. h3 f4 26. Bc5 Rc8 27. Ba3 Rc2 28. Qd1 h5 29. Qd8+ Kh7 30. Qd1 Bd4 31. Qf1 Rxf2 0-1

[Event "Early-Titled-Tuesday-Blitz-June-18-2024"]
[Site "Chess.com"]
[Date "2024.06.18"]
[Round "9"]
[White "Cmorales2001"]
[Black "Jeppesen08"]
[Result "1-0"]
[WhiteElo "2334"]
[BlackElo "2429"]
[TimeControl "180+1"]
[EndTime "9:46:02 PDT"]
[Termination "Cmorales2001 won by checkmate"]

1. e4 c5 2. Nf3 e6 3. d4 cxd4 4. Nxd4 Nc6 5. Nc3 Qc7 6. Be3 a6 7. Bd3 Nf6 8. f3 b5 9. Nxc6 Qxc6 10. a4 b4 11. Ne2 Bb7 12. O-O Bc5 13. Qd2 Qb6 14.
Bxc5 Qxc5+ 15. Kh1 O-O 16. a5 Bc6 17. Ng3 Rfc8 18. f4 Bb5 19. Bxb5 axb5 20. Rf2 h5 21.
Re2 h4 22. e5 hxg3 23. exf6 gxf6 24. Re3 Qxc2 25. Rxg3+ Kh7 26. Rh3+ Kg6 27. Qe3 Rxa5 28. f5+ Qxf5 29. Qh6# 1-0

[Event "Early-Titled-Tuesday-Blitz-June-18-2024"]
[Site "Chess.com"]
[Date "2024.06.18"]
[Round "9"]
[White "FishThatRoared"]
[Black "abelmat"]
[Result "1-0"]
[WhiteElo "2268"]
[BlackElo "2048"]
[TimeControl "180+1"]
[EndTime "9:46:02 PDT"]
[Termination "FishThatRoared won on time"]

1. e4 e6 2. d4 d5 3. e5 c5 4.
Qg4 Bd7 5. dxc5 Qa5+ 6. c3 Qxc5 7. Nf3 Nh6 8. Qh3 Bb5 9. Be3 d4 10. Bxd4 Qc6 11. Nbd2 Bxf1 12. Nxf1 Nf5 13. Ne3 Nxe3 14. fxe3 Qb5 15. O-O-O Nc6 16. Ng5 Be7 17. Qh5 g6 18. Qh6 Bxg5 19. Qxg5 O-O 20. h4 Nxd4 21. exd4 f6 22. exf6 Qf5 23. Rdf1 Qxg5+ 24. hxg5 Rae8 25. Re1 Rf7 26. Re5 Rd7 27. Rhe1 Kf7 28. d5 1-0

[Event "Early-Titled-Tuesday-Blitz-June-18-2024"]
[Site "Chess.com"]
[Date "2024.06.18"]
[Round "9"]
[White "TigrVShlyape"]
[Black "artin10862"]
[Result "1/2-1/2"]
[WhiteElo "3007"]
[BlackElo "2948"]
[TimeControl "180+1"]
[EndTime "9:46:03 PDT"]
[Termination "Game drawn by repetition"]

1. d4 e6 2. Bf4 Nf6 3. e3 h6 4.
Nd2 c5 5. c3 Nc6 6. h3 d5 7. Ngf3 Bd6 8. Bxd6 Qxd6 9. Bb5 Bd7 10. O-O O-O 11. a4 Rad8 12. Bxc6 Bxc6 13. Ne5 Nd7 14.
Nxd7 Bxd7 15. Qb3 b6 16. Nf3 f6 17. a5 b5 18. Qc2 e5 19. Qg6 Qe7 20. Rad1 e4 21. Ne1 c4 22. Nc2 Be6 23. Nb4 Rd6 24. Qg3 f5 25. f4 Bc8 26. Qf2 g5 27. g3 a6 28. Kh2 Qd8 29. Ra1 Rg6 30. Rg1 g4 31. h4 h5 32. Qd2 Rf7 33. Rge1 Rc7 34. Qc2 Rd6 35. Qb1 Be6 36. Qa2 Rdd7 37. Qa3 Rd6 38. Kg2 Kf7 39. Kf2 Kg6 40. Nc2 Kh7 41.
Nb4 Kg6 42. Rec1 Kh7 43. Re1 Kg6 1/2-1/2

[Event "Early-Titled-Tuesday-Blitz-June-18-2024"]
[Site "Chess.com"]
[Date "2024.06.18"]
[Round "9"]
[White "atbenina64"]
[Black "HATilay"]
[Result "0-1"]
[WhiteElo "2817"]
[BlackElo "2657"]
[TimeControl "180+1"]
[EndTime "9:46:06 PDT"]
[Termination "HATilay won by resignation"]

1. c4 e5 2. Nc3 Bb4 3. Nd5 Be7 4.
Nf3 d6 5. d4 Nf6 6. dxe5 dxe5 7. Nxe5 O-O 8. Nf3 Be6 9. Nxe7+ Qxe7 10. e3 Ne4 11. Qc2 Bf5 12. Qb3 Nd7 13. Be2 Nec5 14. Qd1 Rad8 15. Nd4 Be4 16. O-O Ne5 17. f3 Bd3 18. b4 Bxe2 19. Qxe2 Na4 20. a3 Rfe8 21. Qc2 c6 22. Qxa4 Nd3 23. Bd2 Qe5 24. Qc2 Rxd4 25.
exd4 Qxd4+ 26. Kh1 Nf2+ 27. Rxf2 Qxa1+ 0-1

[Event "Early-Titled-Tuesday-Blitz-June-18-2024"]
[Site "Chess.com"]
[Date "2024.06.18"]
[Round "9"]
[White "LuisFSiles"]
[Black "Nadtkins"]
[Result "0-1"]
[WhiteElo "2341"]
[BlackElo "2538"]
[TimeControl "180+1"]
[EndTime "9:46:06 PDT"]
[Termination "Nadtkins won by resignation"]

1. e4 c5 2. Nf3 e6 3. d4 cxd4 4. Nxd4 Nc6 5. Nc3 a6 6. Nxc6 bxc6 7. Bd3 d5 8. O-O Nf6 9. Re1 Be7 10. e5 Nd7 11.
Qg4 Kf8 12. Na4 h5 13. Qe2 c5 14. c4 d4 15. b3 Bb7 16. Nb2 Qc7 17. Be4 g6 18. Nd3 Kg7 19. Bd2 a5 20. Qf3 Bxe4 21. Rxe4 a4 22. Rae1 axb3 23. axb3 Ra3 24. Nf4 Qb7 25.
Rb1 Rb8 26. Nxh5+ gxh5 27. Qxh5 Qxe4 28. Qh6+ Kg8 29. Re1 Qg6 0-1

[Event "Early-Titled-Tuesday-Blitz-June-18-2024"]
[Site "Chess.com"]
[Date "2024.06.18"]
[Round "9"]
[White "Alenzer"]
[Black "sammartin99"]
[Result "0-1"]
[WhiteElo "2166"]
[BlackElo "2322"]
[TimeControl "180+1"]
[EndTime "9:46:07 PDT"]
[Termination "sammartin99 won by resignation"]

1. e4 e6 2. d4 d5 3. exd5 exd5 4. c4 Bb4+ 5. Nc3 Nf6 6. Nf3 O-O 7. Bd3 Bg4 8. O-O Nc6 9. Be3 Re8 10. a3 Bf8 11. h3 Bh5 12. g4 dxc4 13. Bxc4 Bg6 14. d5 Nb8 15. Qb3 b6 16. Nd4 h5 17. g5 Nfd7 18.
Rad1 Nc5 19. Qa2 Bd6 20. b4 Ne4 21. Nxe4 Bxe4 22. Qe2 Bg6 23. Bd3 Bxd3 24. Qxd3 Nd7 25. Nf5 Ne5 26. Qe4 g6 27. Nxd6 Qxd6 28. Qg2 a5 29. Rfe1 axb4 30. axb4 Qxb4 31. f4 Nc4 32. Bd4 Rxe1+ 33. Rxe1 Qxe1+ 34. Kh2 Qd2 35. d6 Qxg2+ 36. Kxg2 Nxd6 37. Kf3 Ra3+ 38. Ke2 Nf5 39. Be5 Re3+ 0-1

[Event "Early-Titled-Tuesday-Blitz-June-18-2024"]
[Site "Chess.com"]
[Date "2024.06.18"]
[Round "9"]
[White "nitpicker"]
[Black "sanbruh"]
[Result "0-1"]
[WhiteElo "2326"]
[BlackElo "2450"]
[TimeControl "180+1"]
[EndTime "9:46:08 PDT"]
[Termination "sanbruh won on time"]

1. d4 d6 2. e4 Nf6 3. Nc3 g6 4. h3 Bg7 5. Nge2 O-O 6. g4 c5 7.
Be3 cxd4 8. Nxd4 Nc6 9. Nde2 b6 10. Bg2 Bb7 11. O-O Ne5 12. b3 Rc8 13. Qd2 Re8 14.
f4 Ned7 15. Rfe1 Nc5 16. Ng3 Qc7 17. Rac1 Qb8 18. g5 Nfd7 19. Nd5 e6 20. Nc3 a5 21. h4 Bxc3 22. Qxc3 Nxe4 23. Qb2 Nxg3 24. Bd4 Bxg2 25. Bh8 Nh5 26. Kxg2 Nxf4+ 27. Kf3 e5 28.
Bf6 Qb7+ 29. Re4 Nc5 30. Re1 Nxe4 31. Rxe4 Qc6 32. c4 b5 33. Ke3 Qc5+ 0-1

[Event "Early-Titled-Tuesday-Blitz-June-18-2024"]
[Site "Chess.com"]
[Date "2024.06.18"]
[Round "9"]
[White "Adrian-thorsen"]
[Black "MarlonJodar"]
[Result "1-0"]
[WhiteElo "2330"]
[BlackElo "2345"]
[TimeControl "180+1"]
[EndTime "9:46:08 PDT"]
[Termination "Adrian-thorsen won on time"]

1. e4 e5 2. Nf3 Nc6 3. Nc3 Nf6 4. h3 d5 5. exd5 Nxd5 6. Bb5 Nxc3 7.
bxc3 Bd6 8. O-O O-O 9. d4 exd4 10. cxd4 h6 11. c4 Bf5 12. c5 Be7 13. d5 Bf6 14. dxc6 Bxa1 15. cxb7 Rb8 16. c6 Bf6 17. Ba3 Re8 18. Qa4 Be4 19. Qb3 Qd5 20. Rd1 Qxb3 21. axb3 a6 22. Ba4 Bxf3 23. gxf3 Red8 24. Rxd8+ Rxd8 25. Bd6 1-0

[Event "Early-Titled-Tuesday-Blitz-June-18-2024"]
[Site "Chess.com"]
[Date "2024.06.18"]
[Round "9"]
[White "ejalmedina"]
[Black "Schattman"]
[Result "0-1"]
[WhiteElo "2324"]
[BlackElo "2505"]
[TimeControl "180+1"]
[EndTime "9:46:09 PDT"]
[Termination "Schattman won on time"]

1. d4 d5 2. c4 e6 3. Nc3 Be7 4. cxd5 exd5 5. Bf4 c6 6. e3 Bf5 7.
Bd3 Bxd3 8. Qxd3 Nf6 9. h3 O-O 10.
Nf3 Re8 11. O-O Nbd7 12. Ne5 Ne4 13. Nxe4 dxe4 14. Qxe4 f6 15. Nxd7 Qxd7 16. Qc2 Kh8 17. Rfd1 a5 18. Rac1 a4 19. Bg3 a3 20. b3 Rad8 21. Qc4 Qf5 22. Qc2 Qd7 23. e4 Bf8 24. d5 cxd5 25. exd5 Bd6 26. Bxd6 Qxd6 27.
Qc7 h5 28. Qxd6 Rxd6 29. Rc7 Re2 30. Rxb7 Rxa2 31. Ra7 Kh7 32. h4 Kg6 33. b4 Kf5 34.
Rxg7 Rb2 35. Ra7 a2 36. Kh2 Rxf2 37. Kg3 Rb2 38. Rd3 Ke4 0-1

[Event "Early-Titled-Tuesday-Blitz-June-18-2024"]
[Site "Chess.com"]
[Date "2024.06.18"]
[Round "9"]
[White "Smiechu"]
[Black "MANOJ_MISHRA123"]
[Result "0-1"]
[WhiteElo "2337"]
[BlackElo "2219"]
[TimeControl "180+1"]
[EndTime "9:46:09 PDT"]
[Termination "MANOJ_MISHRA123 won by checkmate"]

1. e4 Nf6 2. e5 Nd5 3. c4 Nb6 4. a4 d6 5. a5 N6d7 6. e6 fxe6 7. d4 g6 8. h4 Nf6 9. Be2 e5 10. h5 Bf5 11. g4 Be4 12. f3 Bc6 13. hxg6 exd4 14.
g5 e5 15. gxf6 Qxf6 16. gxh7 Nd7 17. Nh3 e4 18. Bg5 Qg7 19. fxe4 Be7 20. Bh5+ Kd8 21.
Bxe7+ Kxe7 22. Qg4 Rxh7 23. Qxg7+ Rxg7 24. Nd2 Rh8 25. Be2 Nc5 26. O-O-O Nxe4 27. Bf3 Nxd2 28. Bxc6 Nb3+ 29. Kc2 bxc6 30. Rde1+ Kd7 31. Nf4 Rxh1 32. Rxh1 Nxa5 33. b3 c5 34. Nd5 Nc6 35. Nf6+ Kc8 36. Rh8+ Kb7 37. Nd7 Nb4+ 38. Kb2 Rg2+ 39. Kb1 d3 40.
Rh1 d2 41. Nf6 Re2 42. Rd1 Re1 43. Rxe1 dxe1=Q+ 44. Kb2 Qd2+ 45. Kb1 Qc2+ 46. Ka1 Qa2# 0-1

[Event "Early-Titled-Tuesday-Blitz-June-18-2024"]
[Site "Chess.com"]
[Date "2024.06.18"]
[Round "9"]
[White "js20000"]
[Black "Sam_ChessMood"]
[Result "0-1"]
[WhiteElo "2806"]
[BlackElo "2949"]
[TimeControl "180+1"]
[EndTime "9:46:10 PDT"]
[Termination "Sam_ChessMood won by resignation"]

1. e4 c5 2. Nf3 d6 3. c3 Nf6 4. h3 g6 5. Bd3 Bg7 6. Bc2 e5 7. d4 exd4 8. cxd4 O-O 9. O-O Nc6 10. d5 Nb4 11. Nc3 Re8 12. Bb1 Rb8 13. a3 Na6 14.
Bf4 b5 15. e5 Nh5 16. Bg5 f6 17. exf6 Bxf6 18. Bh6 Rb7 19. g4 Bg7 20. Bg5 Bf6 21.
Bh6 Bg7 22. Bg5 Nf6 23. a4 b4 24. Ne4 Rf7 25. Nfd2 Qd7 26. Bd3 Nc7 27. Bxf6 Bxf6 28. Nc4 Be5 29. f4 Bd4+ 30. Kh2 Nxd5 31. Ncxd6 Ne3 32.
Qb3 Bb7 33. Nxe8 Bd5 34. Bb5 Qe7 35. N4f6+ Rxf6 36. Nxf6+ Qxf6 37. Qd3 Qh4 38. Rg1 Qf2+ 0-1

[Event "Early-Titled-Tuesday-Blitz-June-18-2024"]
[Site "Chess.com"]
[Date "2024.06.18"]
[Round "9"]
[White "Individoom"]
[Black "Zohid6"]
[Result "1-0"]
[WhiteElo "2806"]
[BlackElo "2959"]
[TimeControl "180+1"]
[EndTime "9:46:10 PDT"]
[Termination "Individoom won by resignation"]

1. d4 d5 2. Nf3 Nf6 3. Bf4 c5 4.
e3 Nc6 5. Nbd2 e6 6. c3 Be7 7.
Bd3 Nh5 8. Be5 f6 9. Bg3 g6 10. O-O O-O 11. Re1 Bd7 12. dxc5 e5 13. e4 Be6 14. b4 d4 15. Bc4 Qc8 16. Qb3 Ng7 17.
cxd4 exd4 18. Rad1 Rd8 19. Bxe6+ Qxe6 20. Nc4 a5 21. a3 axb4 22. axb4 b5 23. cxb6 Bxb4 24.
Nfd2 Rd7 25. Bc7 Re8 26. Rf1 h5 27. Qa4 Bc3 28. Qb5 h4 29. h3 f5 30. Nb3 fxe4 31. Nc5 Qd5 32. Ne3 Qg5 33. Qxc6 Rf7 34. Ng4 Bb4 35. Nxe4 1-0

[Event "Early-Titled-Tuesday-Blitz-June-18-2024"]
[Site "Chess.com"]
[Date "2024.06.18"]
[Round "9"]
[White "SuperPower2011"]
[Black "Bilan_Danila"]
[Result "1-0"]
[WhiteElo "2720"]
[BlackElo "2583"]
[TimeControl "180+1"]
[EndTime "9:46:10 PDT"]
[Termination "SuperPower2011 won by resignation"]

1. Nf3 d5 2. b3 Nf6 3. Bb2 c5 4. g3 Nc6 5. Bg2 Bf5 6. d4 e6 7. O-O h6 8. Nbd2 Be7 9. a3 O-O 10. dxc5 Bxc5 11. b4 Be7 12. c4 dxc4 13. Nxc4 Be4 14.
Qb3 Nd5 15. Rfd1 Bf6 16. Ncd2 Bg6 17. e4 Bxb2 18. Qxb2 Qf6 19. e5 Qe7 20. Nc4 f6 21. b5 Nxe5 22. Nfxe5 fxe5 23. Nxe5 Bf5 24. Re1 Rad8 25.
Rad1 Qc5 26. Rc1 Qb6 27. Nc4 Qc5 28. Ne3 Qb6 29. Nc4 Qc5 30. Qe5 Bd3 31. Qxe6+ Kh8 32. Ne3 Qe7 33. Nxd5 Qxe6 34. Rxe6 1-0

[Event "Early-Titled-Tuesday-Blitz-June-18-2024"]
[Site "Chess.com"]
[Date "2024.06.18"]
[Round "9"]
[White "Mikayel99"]
[Black "Chaubunagungamaug1"]
[Result "1-0"]
[WhiteElo "2620"]
[BlackElo "2480"]
[TimeControl "180+1"]
[EndTime "9:46:12 PDT"]
[Termination "Mikayel99 won by resignation"]

1. d4 d5 2. e4 dxe4 3. Nc3 Nf6 4. f3 c5 5. d5 e6 6. fxe4 exd5 7. exd5 Be7 8. Nf3 O-O 9. Be2 Na6 10. O-O Nc7 11. Bc4 a6 12. a4 Bg4 13. h3 Bh5 14. Bf4 Bd6 15. Bxd6 Qxd6 16. Qd3 Bg6 17. Qd2 Rad8 18.
Rad1 b5 19. axb5 axb5 20. Nxb5 Nxb5 21. Bxb5 Qxd5 22. Qxd5 Nxd5 23. c3 Be4 24. Ng5 Bg6 25. Rf2 h6 26. Nf3 Ne3 27. Rxd8 Rxd8 28. Rd2 Rb8 29. c4 Be4 30. Re2 Bxf3 31. Rxe3 Bh5 32.
Re5 Bg6 33. Rxc5 Bd3 34. b4 g6 35. Rd5 Be4 36. Rd7 Bf5 37. Rc7 Be6 38. Kf2 Kg7 39.
Ke3 Kf6 40. Kd4 Rd8+ 41. Kc3 Bf5 42. c5 Rd1 43. Bc4 Rc1+ 44. Kb3 Rb1+ 45. Ka4 Ra1+ 46. Kb5 Ra8 47. Rxf7+ Kg5 48. c6 Rb8+ 49. Kc5 Rc8 50.
b5 Be4 51. g3 h5 52. Be2 h4 53. gxh4+ Kxh4 54. Rf4+ 1-0

[Event "Early-Titled-Tuesday-Blitz-June-18-2024"]
[Site "Chess.com"]
[Date "2024.06.18"]
[Round "9"]
[White "BM223344"]
[Black "Bkmzzzzz"]
[Result "1-0"]
[WhiteElo "2575"]
[BlackElo "2397"]
[TimeControl "180+1"]
[EndTime "9:46:12 PDT"]
[Termination "BM223344 won by resignation"]

1. d4 d5 2. Nf3 Nf6 3. g3 g6 4.
Bg2 Bg7 5. c4 c6 6. O-O O-O 7.
Qc2 Bf5 8. Qb3 Qc8 9. Nc3 dxc4 10. Qxc4 Be6 11. Qd3 Bh3 12. Bf4 Bxg2 13. Kxg2 Na6 14.
Rac1 Nb4 15. Qb1 Nbd5 16. Be5 Qd7 17. Rfd1 Rfd8 18. e4 Nb6 19. b3 Qe6 20. h3 h6 21.
Rd3 Rd7 22. Rcd1 Rad8 23. a4 Ne8 24. d5 cxd5 25. Bxg7 Nxg7 26. exd5 Nxd5 27. Re1 Qf6 28. Ne4 Qc6 29. Rc1 Qa6 30. Nc5 Qb6 31. Nxd7 Rxd7 32.
b4 e6 33. b5 Qa5 34. Qb3 Kh7 35. Rcd1 Nf5 36. Ne5 Re7 37. g4 Nd6 38. Rf3 Kg7 39.
Rxd5 exd5 40. Qxd5 Qc7 41. Nd3 Nc8 42. Qd4+ Kh7 43.
Nf4 Nb6 44. a5 Rd7 45. axb6 axb6 46. Nd5 1-0

[Event "Early-Titled-Tuesday-Blitz-June-18-2024"]
[Site "Chess.com"]
[Date "2024.06.18"]
[Round "9"]
[White "Renatoforf"]
[Black "HouseOfDurin"]
[Result "0-1"]
[WhiteElo "2112"]
[BlackElo "2298"]
[TimeControl "180+1"]
[EndTime "9:46:13 PDT"]
[Termination "HouseOfDurin won by resignation"]

1. e4 g6 2. d4 Bg7 3. c4 d6 4. Nc3 a6 5. Nf3 b6 6. Be2 Bb7 7. O-O Nd7 8. Be3 e5 9. d5 f5 10. Ng5 f4 11. Ne6 Qe7 12. Bd2 Rc8 13. b4 h5 14. Kh1 Nf8 15. Nxf8 Qxf8 16. f3 Nf6 17. Be1 g5 18. Bf2 Nd7 19. Qa4 Qe7 20. Rfc1 O-O 21. c5 b5 22. cxd6 cxd6 23. Qa5 Qd8 24.
Qxd8 Rfxd8 25. a4 bxa4 26. Nxa4 Rxc1+ 27. Rxc1 Rc8 28. Rxc8+ Bxc8 29. Kg1 Bf6 30. Kf1 Bd8 31. Ke1 h4 32. h3 Kf7 33. Kd2 Ke7 34. Kc3 Nf6 35.
Kb3 Ne8 36. b5 axb5 37. Bxb5 Bd7 38. Kc4 Ba5 39. Bxd7 Kxd7 40. Kb5 Bd8 41. Ka6 Nc7+ 42. Kb7 Nb5 43. Nb6+ Bxb6 44. Bxb6 Nc3 45. Ka6 Nd1 46. Kb5 Ne3 0-1

[Event "Early-Titled-Tuesday-Blitz-June-18-2024"]
[Site "Chess.com"]
[Date "2024.06.18"]
[Round "9"]
[White "gabduschew"]
[Black "zverr1"]
[Result "1-0"]
[WhiteElo "2338"]
[BlackElo "2529"]
[TimeControl "180+1"]
[EndTime "9:46:14 PDT"]
[Termination "gabduschew won by checkmate"]

1. e4 c5 2. Nf3 Nc6 3. d4 cxd4 4. Nxd4 Nf6 5. Nc3 e5 6. Ndb5 d6 7. Bg5 a6 8. Na3 b5 9. Nd5 Be7 10.
Bxf6 Bxf6 11. c4 Rb8 12. Be2 b4 13. Nc2 Bg5 14. O-O O-O 15. Bg4 Be6 16. Nce3 Nd4 17. g3 b3 18. f4 Bh6 19. f5 Bxd5 20. Nxd5 Nc2 21. f6 g6 22. Rf3 Nxa1 23. Qxa1 Qa5 24.
a3 Qc5+ 25. Kg2 Qxc4 26. Nc3 d5 27. Qf1 dxe4 28. Qxc4 exf3+ 29. Bxf3 Rfc8 30. Qxa6 Rxc3 31. bxc3 b2 32. Be4 b1=Q 33. Bxb1 Rb2+ 34. Kf3 Rxb1 35.
Qa8+ Bf8 36. Qe8 Rb3 37. Qxe5 Rxa3 38. Ke4 h5 39. Kd3 Ra2 40. c4 Rxh2 41. c5 Bxc5 42.
Qxc5 Rg2 43. Qc8+ Kh7 44. Qf8 Rxg3+ 45. Ke4 Rg4+ 46. Ke5 Rg5+ 47. Ke4 Rf5 48. Qg7# 1-0

[Event "Early-Titled-Tuesday-Blitz-June-18-2024"]
[Site "Chess.com"]
[Date "2024.06.18"]
[Round "9"]
[White "Supelyel"]
[Black "szefru"]
[Result "0-1"]
[WhiteElo "2420"]
[BlackElo "2324"]
[TimeControl "180+1"]
[EndTime "9:46:14 PDT"]
[Termination "szefru won by resignation"]

1. c4 Nf6 2. Nc3 g6 3. g3 Bg7 4.
Bg2 O-O 5. Nf3 c6 6. O-O d5 7. cxd5 cxd5 8. d3 Nc6 9. a3 Bg4 10. Bg5 Qd7 11. Rc1 h6 12. Bxf6 Bxf6 13. b4 Rac8 14. h3 Bxf3 15. Bxf3 Nxb4 16. Bg4 e6 17. d4 Nc6 18. e4 Nxd4 19. Nxd5 Bg7 20. Rxc8 Rxc8 21. h4 h5 22. Bh3 Rc1 23. Qd3 Rxf1+ 24. Kxf1 Qa4 25. Nf4 Qb5 26. Ke1 Qxd3 27. Nxd3 Nc2+ 28.
Kd2 Nxa3 29. Bg2 Nc4+ 30. Kc2 Bd4 31. f4 Ne3+ 32. Kb3 Nxg2 33. Kc4 Bb6 34. e5 Ne3+ 35. Kb5 Nf1 0-1

[Event "Early-Titled-Tuesday-Blitz-June-18-2024"]
[Site "Chess.com"]
[Date "2024.06.18"]
[Round "9"]
[White "FGHSMN"]
[Black "Losingexperience"]
[Result "1-0"]
[WhiteElo "2909"]
[BlackElo "2762"]
[TimeControl "180+1"]
[EndTime "9:46:18 PDT"]
[Termination "FGHSMN won by resignation"]

1. e4 c5 2. Nf3 d6 3. d4 cxd4 4. Qxd4 Nc6 5. Qd3 Nf6 6. Nc3 g6 7. Nd5 Bg7 8. c3 O-O 9. Bg5 Nd7 10. Be2 Nc5 11. Qc2 Bg4 12. O-O Rc8 13. h3 Bxf3 14. Bxf3 Ne6 15. Bh4 Re8 16. Qe2 a6 17. Bg4 Ne5 18. Rad1 h5 19. Bxe6 fxe6 20. Ne3 b5 21. f4 Nc4 22. f5 exf5 23. exf5 Rf8 24. Nd5 Bf6 25. Bxf6 exf6 26. fxg6 Kg7 27. Qxh5 Rh8 28.
Qf5 Rc5 29. Rde1 Ne5 30. Nxf6 Nxg6 31. Qg4 Rh4 32. Qg3 Re5 33. Ng4 Rxe1 34. Rxe1 Rh8 35. Re6 Qg5 36. Qxd6 Rf8 37. Qd4+ Kg8 38. Nf6+ 1-0

[Event "Early-Titled-Tuesday-Blitz-June-18-2024"]
[Site "Chess.com"]
[Date "2024.06.18"]
[Round "9"]
[White "Slovineanu"]
[Black "DinaBelenkaya"]
[Result "1-0"]
[WhiteElo "2556"]
[BlackElo "2351"]
[TimeControl "180+1"]
[EndTime "9:46:19 PDT"]
[Termination "Slovineanu won by checkmate"]

1. d4 d5 2. Nf3 Nf6 3. c4 dxc4 4. e3 a6 5. Bxc4 e6 6. O-O c5 7. dxc5 Bxc5 8. Qxd8+ Kxd8 9. Rd1+ Ke7 10. Be2 Bd7 11. Nbd2 Bb5 12. Kf1 Nc6 13. b3 Rhd8 14. a4 Bd3 15.
Ne1 Nb4 16. Ba3 Bxe2+ 17. Kxe2 Nfd5 18. Rac1 b6 19. Ne4 Rac8 20. Nxc5 bxc5 21. Nd3 Nxd3 22.
Rxd3 Nb4 23. Rxd8 Kxd8 24. Bxb4 cxb4 25. Rxc8+ Kxc8 26. Kd3 Kc7 27. Kc4 Kb6 28. Kxb4 a5+ 29. Kc4 Kc6 30. b4 axb4 31. Kxb4 Kb6 32. h4 h5 33. f3 f6 34. g4 hxg4 35. fxg4 f5 36.
gxf5 exf5 37. h5 Kc6 38. a5 Kd5 39. a6 Kc6 40. Ka5 Kc7 41. Kb5 Kb8 42. Kb6 Ka8 43. a7 f4 44. exf4 g5 45. h6 gxf4 46. h7 f3 47.
h8=Q# 1-0

[Event "Early-Titled-Tuesday-Blitz-June-18-2024"]
[Site "Chess.com"]
[Date "2024.06.18"]
[Round "9"]
[White "unbreakablepawn35"]
[Black "myburger"]
[Result "1-0"]
[WhiteElo "2406"]
[BlackElo "2512"]
[TimeControl "180+1"]
[EndTime "9:46:19 PDT"]
[Termination "unbreakablepawn35 won by resignation"]

1. c4 f5 2. Nc3 Nf6 3. d4 e6 4. Bf4 Bb4 5. e3 O-O 6. Bd3 b6 7. Nf3 Bb7 8. Qc2 d6 9. O-O Nbd7 10. Qe2 Bxf3 11. Qxf3 Bxc3 12. bxc3 e5 13. Bxf5 exf4 14.
exf4 g6 15. Be6+ Kg7 16. Rae1 Nh5 17. f5 Kh8 18. Qe4 Ndf6 19. Qc6 gxf5 20. Bxf5 Ng7 21. Bh3 Nfh5 22. g3 Qg5 23. f4 Qg6 24. f5 Qg5 25. Qxc7 Rae8 26. Rxe8 Rxe8 27. Qxd6 Nf6 28. c5 bxc5 29.
dxc5 Qe3+ 30. Kh1 Qxc3 31. c6 Rc8 32. c7 Rxc7 33. Qf8+ Ng8 34. f6 h6 35. f7 1-0

[Event "Early-Titled-Tuesday-Blitz-June-18-2024"]
[Site "Chess.com"]
[Date "2024.06.18"]
[Round "9"]
[White "Juicy_Fork"]
[Black "NovozhilovSemen"]
[Result "1-0"]
[WhiteElo "2453"]
[BlackElo "2629"]
[TimeControl "180+1"]
[EndTime "9:46:20 PDT"]
[Termination "Juicy_Fork won by resignation"]

1. e4 c5 2. Nf3 Nc6 3. Bb5 g6 4. O-O Bg7 5. c3 Nf6 6. Qa4 O-O 7. d4 cxd4 8. cxd4 a6 9. Re1 Qb6 10. Bf1 d5 11. e5 Ne4 12. h3 f6 13. exf6 Bxf6 14. Rd1 Bg7 15. Nc3 Nxc3 16. bxc3 Bxh3 17. Be3 Bg4 18. Be2 Qc7 19. Qb3 e6 20. Rd2 b5 21.
Ng5 Bxe2 22. Rxe2 Rae8 23. Rae1 Na5 24. Qb4 h6 25. Nh3 Nc4 26. Bc1 e5 27. dxe5 Rxe5 28.
Rxe5 Nxe5 29. Bf4 g5 30. Bg3 g4 31. Nf4 Qc4 32. Qd6 Rxf4 33. Qe6+ Kh7 34. Rxe5 Bxe5 35.
Qxe5 Rf7 36. Qe6 d4 37. Qe4+ Kg8 38. Qg6+ Rg7 39. Qe8+ Kh7 40. Qe4+ Rg6 41. Qe7+ Kg8 42. Qe8+ Kh7 43. Be5 Rg8 44. Qe7+ Kg6 45. Qf6+ Kh7 46.
Qf5+ Rg6 47. Qd7+ Kg8 48. Qe8+ 1-0

[Event "Early-Titled-Tuesday-Blitz-June-18-2024"]
[Site "Chess.com"]
[Date "2024.06.18"]
[Round "9"]
[White "Roedor"]
[Black "TitarovVasiliYouTube"]
[Result "1-0"]
[WhiteElo "2444"]
[BlackElo "2576"]
[TimeControl "180+1"]
[EndTime "9:46:20 PDT"]
[Termination "Roedor won on time"]

1. d4 Nf6 2. c4 d6 3. Nf3 Bf5 4. Nc3 c6 5. g3 Ne4 6. Qb3 Qb6 7. Bg2 Nxc3 8. bxc3 Be4 9. O-O e6 10. Be3 d5 11. c5 Qxb3 12. axb3 Nd7 13. b4 a6 14.
Nd2 Bxg2 15. Kxg2 Be7 16. Nb3 Bd8 17. f3 O-O 18. Bf4 Re8 19. Bd6 e5 20. e3 Be7 21.
Bxe7 Rxe7 22. Rfe1 Rae8 23. Kf2 f5 24. f4 exf4 25.
exf4 Nf6 26. Na5 Ne4+ 27. Kf1 Kf7 28. c4 Nd2+ 29. Kf2 dxc4 30. Rxe7+ Rxe7 31. Rc1 c3 32. h3 Ne4+ 33. Kf3 Rd7 34. g4 Rxd4 35. Nxb7 Rxb4 36. Nd8+ Kf8 37. Nxc6 Rc4 38. Ne5 Ra4 39. c6 Ke7 40. c7 Nd6 41. Rxc3 fxg4+ 42. hxg4 Nc8 43. Rd3 g5 44.
fxg5 Ke6 45. g6 1-0

[Event "Early-Titled-Tuesday-Blitz-June-18-2024"]
[Site "Chess.com"]
[Date "2024.06.18"]
[Round "9"]
[White "DvaHrasta"]
[Black "GM-2024-GM"]
[Result "1-0"]
[WhiteElo "2515"]
[BlackElo "2325"]
[TimeControl "180+1"]
[EndTime "9:46:21 PDT"]
[Termination "DvaHrasta won on time"]

1. c4 e6 2. g3 d5 3. d4 a6 4.
Bg2 dxc4 5. Nf3 Nd7 6. O-O Rb8 7. e4 Ngf6 8. Nc3 Bb4 9. e5 Nd5 10. Nxd5 exd5 11. Ng5 Be7 12. Nxf7 Kxf7 13. Bxd5+ Ke8 14. Be4 Nf8 15. f4 g6 16. g4 Ne6 17. Be3 c5 18. d5 Nd4 19. Bxd4 cxd4 20. d6 Bh4 21. Qxd4 Bxg4 22.
Kh1 Bf5 23. Bd5 Qd7 24. e6 Qxd6 25. Qxh8+ Ke7 26. Qxh7+ Kd8 27. Qxh4+ Kc7 28. Qh7+ Kb6 29. Rad1 Ka5 30. Qg7 1-0

[Event "Early-Titled-Tuesday-Blitz-June-18-2024"]
[Site "Chess.com"]
[Date "2024.06.18"]
[Round "9"]
[White "dropstoneDP"]
[Black "Aradhya2000"]
[Result "1-0"]
[WhiteElo "2983"]
[BlackElo "2819"]
[TimeControl "180+1"]
[EndTime "9:46:22 PDT"]
[Termination "dropstoneDP won by checkmate"]

1. e4 e5 2. Nf3 Nc6 3. Bc4 Nf6 4. d3 h6 5. c3 Bc5 6. b4 Bb6 7. a4 a6 8. O-O d6 9. Ra2 g5 10. Be3 g4 11. Nh4 Ba7 12. g3 Be6 13. Bxe6 fxe6 14.
Bxa7 Rxa7 15. f4 exf4 16. Rxf4 Ne5 17. Raf2 O-O 18. d4 Ned7 19. Ng6 e5 20. dxe5 dxe5 21. Rf5 Re8 22. Na3 Kg7 23. Nh4 Ra8 24. Nc4 Rf8 25. Ne3 Qe8 26. Nxg4 Nxe4 27. Rxf8 Nxf8 28. Nf5+ Kh7 29.
Qc2 Qc6 30. Qxe4 Qxe4 31. Nf6+ Kg6 32. Nxe4 Rd8 33. Ne3 Rd3 34. Nc4 Nd7 35. Rd2 Rxd2 36. Ncxd2 Kf5 37. Kf2 Nb6 38. a5 Nd5 39. Kf3 h5 40. h3 b6 41. g4+ hxg4+ 42. hxg4+ Ke6 43. Nc4 bxa5 44. Nxa5 Nb6 45. Nc5+ Kd5 46. Ke3 c6 47. c4+ Nxc4+ 48. Nxc4 Kxc4 49. g5 Kxb4 50. g6 Kxc5 51. g7 Kb4 52. g8=Q c5 53. Kd3 e4+ 54. Kxe4 c4 55.
Kd4 a5 56. Qb8+ Ka3 57. Kc3 Ka4 58. Qb1 Ka3 59. Qa1# 1-0